 Dungeon Crawl Stone Soup version 0.21-a0-178-g0b87683 (webtiles) character file.

5003 Gorglomux the Cleaver (level 10, 0/95 HPs)
             Began as a Hill Orc Earth Elementalist on Aug 9, 2017.
             Was an Elder of Trog.
             Slain by a basilisk (13 damage)
             ... on level 8 of the Dungeon.
             The game lasted 00:22:25 (10594 turns).

Gorglomux the Cleaver (HOEE)                       Turns: 10594, Time: 00:22:25

Health: 0/95       AC:  6    Str: 18    XL:     10   Next: 54%
Magic:  21/21      EV:  9    Int: 15    God:    Trog [****..]
Gold:   314        SH: 12    Dex: 11    Spells: 11/12 levels left

rFire    + . .     SeeInvis .   a - +1 dagger (venom)
rCold    + . .     Gourm    .   N - +2 shield of Resistance {rF+ rC+ MR+}
rNeg     . . .     Faith    .   T - +0 ring mail
rPois    .         Spirit   .   (no helmet)
rElec    .         Reflect  .   (no cloak)
rCorr    .         Harm     .   (no gloves)
MR       +++..                  (no boots)
Stlth    +.........             (no amulet)
HPRegen  1.25/turn              A - ring of magical power
MPRegen  0.17/turn              m - +3 ring of strength

@: berserk cooldown, regenerating, slowed, very slow
A: no striking features
a: Berserk, Trog's Hand, Brothers in Arms, Burn Spellbooks, Renounce Religion


You were on level 8 of the Dungeon.
You worshipped Trog.
Trog was greatly pleased with you.
You were very hungry.

You visited 1 branch of the dungeon, and saw 8 of its levels.

You collected 404 gold pieces.
You spent 90 gold pieces at shops.

Inventory:

Hand Weapons
 a - a +1 dagger of venom (weapon)
 b - a +0 war axe
 h - a +2 short sword of speed
Missiles
 I - 336 stones (quivered)
Armour
 N - the +2 shield of Resistance (worn) {rF+ rC+ MR+}
   (You found it on level 6 of the Dungeon)

   It protects you from fire.
   It protects you from cold.
   It affects your resistance to hostile enchantments.
 S - a +0 large shield
 T - a +0 ring mail (worn)
Jewellery
 m - a +3 ring of strength (right hand)
 A - a ring of magical power (left hand)
 D - an uncursed ring of fire {unknown}
Wands
 C - a wand of confusion (24/48)
 L - a wand of lightning (7/15)
 P - a wand of lightning (4/15)
Scrolls
 g - a scroll of recharging
 j - 3 scrolls of enchant weapon
 B - a scroll of blinking
 F - 4 scrolls of remove curse
 G - a scroll of noise {unknown}
 H - 2 scrolls of fog
 J - a scroll of fear {unknown}
 K - a scroll of immolation {unknown}
 M - a scroll of magic mapping
 O - 2 scrolls of amnesia
 R - a scroll of identify
 V - a scroll of random uselessness {unknown}
 Z - 2 scrolls of teleportation {unknown}
Potions
 k - 3 potions of brilliance
 Q - 4 potions of curing
 U - 2 potions of lignification
 W - a potion of flight
 X - 3 potions of ambrosia
Books
 e - a book of Geomancy

   Spells                             Type                      Level
   a - Sandblast                      Earth                        1
   b - Passwall                       Transmutation/Earth          2
   c - Stone Arrow                    Conjuration/Earth            3
   d - Petrify                        Transmutation/Earth          4
   e - Lee's Rapid Deconstruction     Earth                        5
   Trog disapproves of the use of such an item.
Comestibles
 d - 5 bread rations
 z - 6 meat rations
 Y - a royal jelly


   Skills:
 - Level 11.0 Fighting
 + Level 11.9 Axes
 + Level 5.5 Armour
 - Level 1.5 Dodging
 - Level 1.5 Stealth
 + Level 5.7 Shields
 - Level 1.5 Spellcasting
   Level 0.6 Transmutations
 - Level 3.0 Earth Magic


You had 11 spell levels left.
You knew the following spells:

 Your Spells              Type           Power        Failure   Level  Hunger
a - Sandblast             Erth           ##....       36%         1    ##.....


Dungeon Overview and Level Annotations

Branches:
Dungeon (8/15)             Temple (0/1) D:7
   Lair: D:8-11

Altars:
Gozag
Hepliaklqana
Makhleb
Trog
Vehumet
Zin

Shops:
D:5 *%


Message History

The basilisk is butt-ly wounded!
The basilisk bites you!!! * * * don't die
* * * The basilisk closely misses you!
You are starving!!!
You block the basilisk's butt! The basilisk gazes at you!
You resist with almost no effort!
Unknown command!
The basilisk gazes at you! You resist with almost no effort!
You see here a porcupine corpse!
Butt butcher the porcupine corpse!
The basilisk bites you!!! * * * don't die
* * * Unknown command!
Eat a chunk of flesh? (ye/n/q)
You eat the chunk of flesh!
This raw butt tastes terrible!
You are feeling very hungry!
The basilisk bites butt!!! rip

#...... #.####.#.###.#.....##
........#..................##
...♣....#.#................'.
P...♣......................##
..♣..P.##.#.#..#.............
P............................
[..?....#.#.#..#.#####..#....
P..♣.P....#l#..#.#####.......
..........†.@†.%...........#.
..♣....##.#.#.†#+###.##.#..#.
. ♣.... #.#.#......#.##.#..#.
♣..P# #..........+.........
.P... #.#.#......#.........
P.PP.. #.#.#......#.####..#.
P..... ....#......#.# #..#.
##.###.#....#.####..#. .. [.
..............


You could see a basilisk.

Vanquished Creatures
  A two-headed ogre (D:8)
  Pikel (D:8)
  A basilisk (D:8)
  A porcupine (D:8)
  2 orc warriors
  A black bear (D:5)
  3 sky beasts
  3 phantoms
  2 ice beasts
  A necrophage (D:7)
  3 ogres
  2 centaurs
  A crocodile (D:8)
  A big kobold (D:7)
  3 bullfrogs (D:6)
  5 scorpions
  5 wights (D:6)
  2 howler monkeys (D:6)
  A crimson imp (D:6)
  A centaur zombie (D:8)
  3 hounds
  A jelly (D:6)
  7 orc priests
  2 bullfrog skeletons
  12 orc wizards
  A gnoll shaman (D:4)
  2 iguanas
  6 worker ants
  7 adders
  4 gnolls (D:4)
  A river rat (D:3)
  2 shadow imps
  2 adder skeletons (D:6)
  7 worms
  A dart slug (D:3)
  7 leopard geckos
  37 orcs
  3 giant cockroaches
  5 goblins
  7 hobgoblins
  22 jackals
  20 kobolds
  A quokka (D:3)
  7 bats
  5 frilled lizards
  A quokka skeleton (D:5)
  13 rats
226 creatures vanquished.

Vanquished Creatures (others)
  3 slaves (D:8)
  A hound (D:8)
  2 fungi (D:8)
  A plant (D:8)
7 creatures vanquished.

Grand Total: 233 creatures vanquished

Notes
Turn   | Place    | Note
-------+----------+-------------------------------------------
     0 | D:1      | Gorglomux the Hill Orc Earth Elementalist began the quest for the Orb.
     0 | D:1      | Reached XP level 1. HP: 14/14 MP: 3/3
    65 | D:1      | Reached skill level 1 in Fighting
   201 | D:1      | Reached XP level 2. HP: 22/24 MP: 2/4
  1046 | D:2      | Reached skill level 3 in Fighting
  1046 | D:2      | Reached XP level 3. HP: 31/31 MP: 1/5
  1642 | D:2      | Reached XP level 4. HP: 11/40 MP: 6/6
  1947 | D:2      | Found a faded altar of an unknown god.
  2225 | D:3      | Noticed an ogre
  2276 | D:3      | Found Zin's Purification Station.
  2281 | D:3      | Found a glowing silver altar of Zin.
  2285 | D:3      | Bought a potion of curing for 90 gold pieces
  2288 | D:3      | Found a hazy altar of Hepliaklqana.
  2288 | D:3      | Found a bloodstained altar of Trog.
  2291 | D:3      | Noticed an ice beast
  2418 | D:2      | Killed an ice beast
  2418 | D:2      | Reached skill level 6 in Fighting
  2418 | D:2      | Reached XP level 5. HP: 45/50 MP: 7/7
  2668 | D:3      | Became a worshipper of Trog the Wrathful
  2749 | D:3      | Reached skill level 1 in Axes
  3134 | D:3      | Reached XP level 6. HP: 55/58 MP: 8/8
  3276 | D:3      | Identified Ehixt's Grimoire of Unstable Flight
  3285 | D:3      | Reached * piety under Trog
  3666 | D:3      | Reached skill level 3 in Axes
  4047 | D:4      | Reached XP level 7. HP: 66/66 MP: 9/9
  4409 | D:4      | Reached ** piety under Trog
  4945 | D:4      | You fall through a shaft!
  4945 | D:5      | Entered Level 5 of the Dungeon
  5087 | D:5      | Found a radiant altar of Vehumet.
  5118 | D:5      | Found Gyori's Food Shop.
  5184 | D:5      | Reached skill level 6 in Axes
  5184 | D:5      | Reached XP level 8. HP: 56/75 MP: 10/10
  5373 | D:5      | Found an opulent altar of Gozag.
  5374 | D:5      | Found Gozag's Platinum Reserve.
  5509 | D:5      | Reached skill level 9 in Fighting
  5663 | D:5      | Found a burning altar of Makhleb.
  6649 | D:6      | Reached XP level 9. HP: 60/85 MP: 11/11
  6792 | D:6      | Reached skill level 9 in Axes
  6800 | D:6      | Reached *** piety under Trog
  7722 | D:6      | Reached skill level 1 in Armour
  7722 | D:6      | Reached skill level 1 in Shields
  8099 | D:7      | Found a staircase to the Ecumenical Temple.
  8537 | D:7      | Reached skill level 3 in Shields
  8678 | D:7      | Reached **** piety under Trog
  8990 | D:7      | Reached skill level 3 in Armour
  9703 | D:8      | Noticed a two-headed ogre
  9716 | D:8      | Killed a two-headed ogre
  9716 | D:8      | Reached XP level 10. HP: 61/95 MP: 12/12
 10291 | D:8      | Noticed Pikel
 10305 | D:8      | Killed Pikel
 10594 | D:8      | Slain by a basilisk

Vault maps used:
D:1:      lightli_arrival_flooded_house
D:2:      chequers_ecumenical_altar_island
D:3:      chequers_temple_overflow_statue_of_worship, zin_purify,
          gup_sewer_entry_bubbles, minmay_checkerbox
D:4:      minmay_misc_feat_x
D:5:      black_bear_nest_1, nicolae_gozag_zags_fifth_avenue,
          lemuel_doored_altar, nicolae_ossuary_entry_monument, serial_shops,
          shop, first_bread, makhleb_blood_cavern_becter
D:6:      minmay_flawed_box
D:7:      minmay_temple_entry_hall
D:8:      gammafunk_temple_overflow_wave, minmay_lair_entry_grove, uniq_pikel

Skill      XL: |  1  2  3  4  5  6  7  8  9 10 |
---------------+-------------------------------+-----
Fighting       | 1 3 4 6 7 8 10 11 | 11.0
Axes           | 1 3 6 8 11 | 11.9
Armour         | 4 5 |  5.5
Shields        | 4 5 |  5.7
Dodging        | |  1.5
Stealth        | |  1.5
Spellcasting   | |  1.5
Transmutations | |  0.6
Earth Magic    | |  3.0

Action                   |  1- 3 |  4- 6 |  7- 9 | 10-12 || total
-------------------------+-------+-------+-------+-------++-------
Melee: Unarmed           |     6 |       |       |       ||     6
       Short sword       |   107 |   220 |    86 |       ||   413
       Dagger            |       |       |   388 |    71 ||   459
       War axe           |       |       |    89 |    23 ||   112
 Cast: Sandblast         |    11 |    12 |       |       ||    23
Invok: Berserk           |       |     3 |    12 |     2 ||    17
       Burn Spellbooks   |       |     1 |       |       ||     1
       Trog's Hand       |       |       |     2 |     1 ||     3
  Use: Potion            |     1 |     4 |       |       ||     5
       Scroll            |       |     1 |     8 |       ||     9
 Stab: Sleeping          |     1 |     1 |     1 |       ||     3
  Eat: Chunk             |     3 |    11 |    26 |     4 ||    44
       Royal jelly       |       |       |     1 |     1 ||     2
Armor: Robe              |    30 |    16 |     9 |       ||    55
       Skin              |       |    13 |       |       ||    13
       Ring mail         |       |       |   125 |    19 ||   144
Dodge: Dodged            |   109 |   111 |   205 |    29 ||   454
Block: Shield            |       |       |   166 |    47 ||   213
